[Event "Late-Titled-Tuesday-Blitz-May-14-2024"]
[Site "Chess.com"]
[Date "2024.05.14"]
[Round "8"]
[White "Nouali_Mohamed"]
[Black "A4RookA3"]
[Result "0-1"]
[WhiteElo "2589"]
[BlackElo "2440"]
[TimeControl "180+1"]
[EndTime "15:27:04 PDT"]
[Termination "A4RookA3 won by checkmate"]

1. e4 c6 2. d4 d5 3. e5 Bf5 4. Nc3 e6 5. g4 Bg6 6. Nge2 c5 7. h4 h5 8. Nf4 Bh7 9. g5 Nc6 10. Qxh5 Nxd4 11. g6 fxg6 12. Nxg6 Bxg6 13. Qxg6+ Kd7 14. Nxd5 exd5 15. Bh3+ Kc7 16. Bf4 Qe8 17. e6+ Bd6 18. Bxd6+ Kxd6 19. Qg3+ Kc6 20. c3 Nc2+ 21. Kd2 Nxa1 22.
c4 Rd8 23. Qa3 dxc4+ 24. Kc1 Nf6 25. Qa5 Rd5 26. Bg2 Qg6 27. Qa4+ b5 28. Qa6+ Kc7 29. Qxa7+ Kd6 30. Qb6+ Ke7 31. Qc7+ Nd7 32. Bxd5 Qc2# 0-1

[Event "Late-Titled-Tuesday-Blitz-May-14-2024"]
[Site "Chess.com"]
[Date "2024.05.14"]
[Round "8"]
[White "KirAk47"]
[Black "Dexter_Dyke"]
[Result "1-0"]
[WhiteElo "2477"]
[BlackElo "2590"]
[TimeControl "180+1"]
[EndTime "15:27:05 PDT"]
[Termination "KirAk47 won on time"]

1. d4 Nf6 2. Nf3 c5 3. e3 d5 4. Nbd2 Nc6 5. dxc5 e5 6. a3 Bxc5 7. b4 Bd6 8. c4 e4 9. cxd5 exf3 10. dxc6 O-O 11. Nxf3 bxc6 12. Be2 a5 13. bxa5 Qxa5+ 14. Bd2 Qc7 15. a4 Bg4 16. h3 Bh5 17. Qc2 Bg6 18.
Bd3 Rfe8 19. O-O Ne4 20. Rfc1 c5 21. Nh4 Bh2+ 22. Kf1 Nxf2 23. Bxg6 fxg6 24. Qxc5 Qg3 25. Qc4+ Kh8 26. Qf4 Rf8 27. Qxg3 Bxg3 28. Nf3 Nd3 29. Rc3 Ne5 30. Ke2 Nxf3 31. gxf3 Be5 32. a5 Bxc3 33.
Bxc3 Rfc8 34. Bd4 Ra6 35. Bb6 Rca8 36. Rd1 h5 37. Rd5 Kh7 38. e4 Kh6 39. h4 Rc8 40. Rd6 Rc4 41. Be3+ Kh7 42. Rxa6 Ra4 43. Bd2 Ra2 44.
Rc6 g5 45. hxg5 h4 46. g6+ 1-0

[Event "Late-Titled-Tuesday-Blitz-May-14-2024"]
[Site "Chess.com"]
[Date "2024.05.14"]
[Round "8"]
[White "Pitomina"]
[Black "egnfanclub"]
[Result "1-0"]
[WhiteElo "2536"]
[BlackElo "2370"]
[TimeControl "180+1"]
[EndTime "15:27:07 PDT"]
[Termination "Pitomina won by resignation"]

1. d4 d5 2. c4 c6 3. Nf3 Nf6 4. Nc3 e6 5. e3 Nbd7 6. Qc2 Bd6 7. b3 O-O 8. Bd3 e5 9. dxe5 Nxe5 10. Nxe5 Bxe5 11.
Bb2 d4 12. Ne2 c5 13. f4 Bc7 14. exd4 cxd4 15. Bxd4 Bxf4 16. Bxf6 Qxf6 17. Bxh7+ Kh8 18. O-O Be3+ 19. Kh1 Qh6 20. Bf5 Be6 21. Rf3 Bxf5 22. Rxf5 Qg6 23. Ng3 Kg8 24. Raf1 Rad8 25. Qe2 Bh6 26. Qf3 Rd7 27. Rd5 Rfd8 28. Nf5 Bg5 29.
Rfd1 Rxd5 30. cxd5 Qf6 31. Qd3 g6 32. Ng3 Bf4 33. Ne4 Qe5 34. g3 Bh6 35. d6 Bf8 36. d7 f5 37. Ng5 Kg7 38. Nf3 Qf6 39. Qd4 Be7 40. Ng5 Qxd4 41. Ne6+ Kf6 42. Nxd4 Bc5 43. Nf3 Ke7 44. Nh4 Rxd7 45. Nxg6+ Kd8 46. Rxd7+ Kxd7 47.
Nh4 Ke6 48. Kg2 b5 49. Kf3 a5 50. Ng6 Bg1 51. Nf4+ Ke5 52. h4 a4 53. h5 b4 54. bxa4 Bd4 55. a5 1-0

[Event "Late-Titled-Tuesday-Blitz-May-14-2024"]
[Site "Chess.com"]
[Date "2024.05.14"]
[Round "8"]
[White "Slovineanu"]
[Black "SahaNeelash"]
[Result "1-0"]
[WhiteElo "2480"]
[BlackElo "2679"]
[TimeControl "180+1"]
[EndTime "15:27:08 PDT"]
[Termination "Slovineanu won by resignation"]

1. d4 d6 2. e4 Nd7 3. Nc3 g6 4. Nf3 Bg7 5. Be3 a6 6. h4 h6 7.
Bd3 b5 8. a4 b4 9. Ne2 Bb7 10. h5 g5 11. Ng3 e6 12. O-O Ne7 13. Qd2 a5 14. c3 c5 15. Bb5 Bc6 16. Rfe1 Qb6 17. Bxc6 Qxc6 18. Rad1 Nb6 19. b3 O-O 20. cxb4 cxb4 21. Bxg5 hxg5 22. Qxg5 f6 23. Qg4 Kf7 24. d5 Qd7 25. dxe6+ Qxe6 26. Nf5 Rg8 27. Rxd6 Qxb3 28. Nxe7 Kxe7 29. Rxb6 Kf8 30. Nh4 Qf7 31. Ng6+ Ke8 32. Re6+ Kd8 33. Qd1+ Kc7 34. Re7+ Qxe7 35. Nxe7 Rgd8 36.
Nd5+ Kd7 37. Qg4+ Kc6 38. Qxg7 1-0

[Event "Late-Titled-Tuesday-Blitz-May-14-2024"]
[Site "Chess.com"]
[Date "2024.05.14"]
[Round "8"]
[White "YouShallNotPass001"]
[Black "Kildepiotr"]
[Result "0-1"]
[WhiteElo "2512"]
[BlackElo "2737"]
[TimeControl "180+1"]
[EndTime "15:27:09 PDT"]
[Termination "Kildepiotr won by resignation"]

1. e4 g6 2. d4 Bg7 3. Be3 c6 4. Nc3 d5 5. e5 Nh6 6. Qd2 Nf5 7. Bf4 c5 8. dxc5 d4 9. Ne4 Qd5 10. Bd3 Bxe5 11. Bxe5 Qxe5 12. Nf3 Qg7 13. O-O-O Nc6 14. Kb1 h5 15. h3 h4 16. Bb5 Bd7 17. Qf4 O-O-O 18. Rhe1 f6 19. Ned2 e5 20. Qe4 Qe7 21. Nb3 a6 22. Bc4 Be6 23. Qe2 Qf7 24. Nfd2 Rhe8 25. Bxe6+ Qxe6 26. Nc4 Kb8 27. a3 e4 28. Ncd2 e3 29. Nf3 Qc8 30. fxe3 dxe3 31. Qc4 Rxd1+ 32. Rxd1 g5 33. Re1 Qe6 34. Qc3 e2 35. Nbd4 Ncxd4 36. Nxd4 Nxd4 37. Qxd4 f5 38. Kc1 Kc7 39.
b3 Rd8 40. Qg7+ Rd7 41. Qxg5 Qe5 42. Kb1 Rd1+ 43. Qc1 Rxc1+ 44. Kxc1 Qe3+ 0-1

[Event "Late-Titled-Tuesday-Blitz-May-14-2024"]
[Site "Chess.com"]
[Date "2024.05.14"]
[Round "8"]
[White "shirovin"]
[Black "LUISMIGUELOV"]
[Result "0-1"]
[WhiteElo "2098"]
[BlackElo "2223"]
[TimeControl "180+1"]
[EndTime "15:27:09 PDT"]
[Termination "LUISMIGUELOV won on time"]

1. e4 c6 2. Nf3 d5 3. Nc3 dxe4 4. Nxe4 Bg4 5. Bc4 e6 6. h3 Bxf3 7. Qxf3 Nf6 8. d3 Nbd7 9. O-O Ne5 10. Nxf6+ Qxf6 11. Qxf6 gxf6 12. Bb3 Be7 13. Bd2 O-O-O 14. Bc3 Rhg8 15. f4 Nd7 16. f5 Nc5 17. fxe6 fxe6 18.
Bxf6 Nxb3 19. axb3 Bc5+ 20. Kh1 Rde8 21. d4 Bb6 22. c3 a6 23. Rae1 Rg6 24. Re2 Kd7 25. Be5 Bd8 26. Rf7+ Re7 27. Rxe7+ Bxe7 28. Kg1 h5 29. Kf2 h4 30. Re3 c5 31. Rf3 cxd4 32.
Bxd4 Kc6 33. b4 Bd6 34. Rf6 Bg3+ 35. Kf3 Rxf6+ 36. Bxf6 Kd5 37. b3 e5 38. c4+ Kd4 39.
Kg4 Kc3 40. b5 axb5 41. cxb5 Kxb3 42. Bxh4 Bxh4 43. Kxh4 e4 44. Kg4 Kc3 45. Kf4 Kd3 46. h4 e3 47. h5 e2 48. h6 e1=Q 49. h7 Qe8 0-1

[Event "Late-Titled-Tuesday-Blitz-May-14-2024"]
[Site "Chess.com"]
[Date "2024.05.14"]
[Round "8"]
[White "Nf3c5"]
[Black "jbking07"]
[Result "1-0"]
[WhiteElo "2554"]
[BlackElo "2387"]
[TimeControl "180+1"]
[EndTime "15:27:10 PDT"]
[Termination "Nf3c5 won by resignation"]

1. e4 e5 2. Nc3 Nc6 3. Nf3 Nf6 4. h3 Bb4 5. Nd5 O-O 6. c3 Bd6 7.
Nxf6+ Qxf6 8. d3 h6 9. g4 Bc5 10. g5 hxg5 11. Bxg5 Qe6 12. Rg1 Re8 13. Nh4 d5 14.
Nf5 dxe4 15. dxe4 Qg6 16. Qg4 Bf8 17. h4 Qh7 18. h5 Bxf5 19. exf5 e4 20. O-O-O Kh8 21.
Bc4 Ne5 22. Qxe4 f6 23. Bf4 Bc5 24. Bg3 Nxc4 25. Qxc4 Qxf5 26. Rd5 Re5 27. Rxe5 fxe5 28. Qxc5 Rd8 29. Qxe5 Qd3 30. Qe3 Qxe3+ 31. fxe3 Kh7 32. Be5 Rd7 33. Rg6 Re7 34. Bd4 b6 35. b4 a5 36.
a3 axb4 37. cxb4 c5 38. bxc5 bxc5 39. Bxc5 Rc7 40. Rg5 Kh6 41. Rd5 Rc6 42. e4 g6 43.
hxg6 Kxg6 44. Rd6+ Rxd6 45. Bxd6 1-0

[Event "Late-Titled-Tuesday-Blitz-May-14-2024"]
[Site "Chess.com"]
[Date "2024.05.14"]
[Round "8"]
[White "kingofthenil"]
[Black "TigrVShlyape"]
[Result "1-0"]
[WhiteElo "2889"]
[BlackElo "2939"]
[TimeControl "180+1"]
[EndTime "15:27:12 PDT"]
[Termination "kingofthenil won by resignation"]

1. d4 f5 2. c4 Nf6 3. Nc3 e6 4.
a3 g6 5. h4 Bg7 6. h5 Nxh5 7.
e4 fxe4 8. Rxh5 gxh5 9. Qxh5+ Kf8 10.
Nxe4 Qe8 11. Qh4 Nc6 12. Bh6 Qg6 13. Bxg7+ Kxg7 14. Nf3 Rf8 15. Bd3 Qh6 16. Qg3+ Kh8 17. d5 exd5 18. cxd5 Ne7 19. Qxc7 Nxd5 20. Qe5+ Nf6 21.
Nfg5 d5 22. Nd6 Qg7 23. O-O-O Ne4 24. Ngf7+ Kg8 25. Qxd5 Nxd6 26. Nxd6+ Kh8 27. Rh1 h6 28. Bc4 Bd7 29. Nf7+ Rxf7 30. Qxf7 Rc8 31. Qf4 Kh7 32.
Kb1 Qg6+ 33. Ka1 Be6 34. Bd3 Qxd3 35. Qxh6+ Kg8 36. Qh8+ Kf7 37. Rh7+ Kg6 38. Qg7+ Kf5 39. Rh5+ 1-0

[Event "Late-Titled-Tuesday-Blitz-May-14-2024"]
[Site "Chess.com"]
[Date "2024.05.14"]
[Round "8"]
[White "jup1978"]
[Black "xasid81"]
[Result "0-1"]
[WhiteElo "2477"]
[BlackElo "2627"]
[TimeControl "180+1"]
[EndTime "15:27:13 PDT"]
[Termination "xasid81 won by resignation"]

1. d4 Nf6 2. Nf3 b6 3. g3 Bb7 4. Bg2 g6 5. O-O Bg7 6. c4 e6 7.
Nc3 O-O 8. d5 exd5 9. cxd5 Re8 10. Re1 Na6 11. e4 c6 12. e5 Nxd5 13. Nxd5 cxd5 14.
Bg5 f6 15. exf6 Rxe1+ 16. Qxe1 Bxf6 17. Bxf6 Qxf6 18. Qd2 Re8 19. Rd1 Nc5 20. Qd4 Qxd4 21. Nxd4 a6 22. Bh3 Bc6 23. Kf1 a5 24. a3 Kf7 25. b4 Ba4 26. Rd2 Ne4 27. Rb2 Rc8 28. bxa5 bxa5 29. Kg2 Rc4 30. Nf3 Kf6 31. Ne1 d4 32. Nd3 Nc5 33. Nf4 d3 34. Bg4 Rc2 35. Rb6+ Bc6+ 36. Kh3 d2 37. Nd5+ Ke5 38. Ne3 Rc1 39.
Rb2 h5 40. Bd1 Ne4 41. f3 Nf2+ 42. Kg2 Nxd1 43. Nxd1 Rxd1 44. Kf2 Rf1+ 45. Kxf1 d1=Q+ 0-1

[Event "Late-Titled-Tuesday-Blitz-May-14-2024"]
[Site "Chess.com"]
[Date "2024.05.14"]
[Round "8"]
[White "maracayo"]
[Black "BabageldiAnnaberdiyev"]
[Result "0-1"]
[WhiteElo "2358"]
[BlackElo "2555"]
[TimeControl "180+1"]
[EndTime "15:27:13 PDT"]
[Termination "BabageldiAnnaberdiyev won by resignation"]

1. e4 e6 2. Nf3 d5 3. d3 Nf6 4. Nbd2 Nc6 5. Be2 dxe4 6. dxe4 e5 7. O-O Bc5 8. h3 O-O 9. c3 a5 10. Qc2 Qe7 11. Re1 Rd8 12. Nc4 h6 13. a4 b6 14.
Ne3 Bxe3 15. Bxe3 Bb7 16. Nd2 Nb8 17. f3 Nbd7 18. Nf1 Nf8 19. Ng3 Bc8 20. Bc4 Be6 21.
Bxe6 Nxe6 22. Nf5 Qe8 23. Rad1 Nh5 24. Kh2 Nhf4 25. g3 Ng6 26. h4 Ne7 27. Bf2 Rxd1 28.
Rxd1 Rd8 29. Ne3 Nc5 30. b3 f6 31. Nd5 Nxd5 32. exd5 Nb7 33. b4 Qf7 34. Qe4 Nd6 35.
Qd3 Nb7 36. bxa5 Nxa5 37. c4 Qd7 38. Qc2 Nb7 39. c5 bxc5 40. Bxc5 Nxc5 41. Qxc5 Qxa4 42. Rd2 Rd7 43. h5 Kf7 44. Kh3 Re7 45. Rc2 Qd7+ 46. g4 f5 47. Kg3 e4 48. d6 Qxd6+ 49. Qxd6 cxd6 50. gxf5 e3 51. Re2 d5 52. Kf4 d4 53.
Re1 Kf6 54. Rg1 e2 55. Re1 d3 0-1

[Event "Late-Titled-Tuesday-Blitz-May-14-2024"]
[Site "Chess.com"]
[Date "2024.05.14"]
[Round "8"]
[White "temus_galaktionov"]
[Black "Flawless_Fighter"]
[Result "1/2-1/2"]
[WhiteElo "2859"]
[BlackElo "2693"]
[TimeControl "180+1"]
[EndTime "15:27:14 PDT"]
[Termination "Game drawn by repetition"]

1. d4 Nf6 2. c4 e6 3. Nf3 d5 4.
Nc3 c5 5. cxd5 Nxd5 6. e4 Nxc3 7.
bxc3 cxd4 8. cxd4 Bb4+ 9. Bd2 Bxd2+ 10. Qxd2 O-O 11. Bd3 b6 12. O-O Bb7 13. Rac1 Nd7 14. Qf4 h6 15. Qc7 Rb8 16. Rfe1 Nc5 17. Qxd8 Rfxd8 18. Bb1 Na6 19. Kf1 Rbc8 20. Ke2 Kf8 21. Ke3 Ke7 22.
Ne5 Nb4 23. a3 Nc6 24. Nxc6+ Rxc6 25. Rxc6 Bxc6 26. Rc1 Bb7 27. Ba2 Rc8 28. Rxc8 Bxc8 29. d5 exd5 30. Bxd5 Be6 31. Bb7 g5 32. e5 Kd7 33. g3 g4 34. f4 gxf3 35. Bxf3 a5 36. Kd4 Kc7 37. h4 Kd7 38. g4 Ke7 39. Be2 f6 40. Ke4 b5 41. Bxb5 Bxg4 42. Bd3 Be6 43. Kd4 Bd7 44. Bc4 Be8 45. Ke4 Bg6+ 46. Kd4 Be8 47. Bb3 Bc6 48. Bc4 Be8 1/2-1/2

[Event "Late-Titled-Tuesday-Blitz-May-14-2024"]
[Site "Chess.com"]
[Date "2024.05.14"]
[Round "8"]
[White "yaguigor"]
[Black "Supelyel"]
[Result "1-0"]
[WhiteElo "2565"]
[BlackElo "2430"]
[TimeControl "180+1"]
[EndTime "15:27:16 PDT"]
[Termination "yaguigor won on time"]

1. Nf3 d6 2. e4 Nf6 3. Nc3 e5 4. d4 Nbd7 5. Bc4 Be7 6. O-O O-O 7. a4 c6 8. Re1 Qc7 9. h3 h6 10. Ba2 a5 11. dxe5 dxe5 12. Nh4 Bc5 13. Qf3 Kh8 14.
Nf5 Qb6 15. Rd1 Bd4 16. Nd6 Kg8 17. Qg3 Nh5 18. Qg6 Bxf2+ 19. Kh2 Ndf6 20. Nxf7 Rxf7 21. Bxf7+ Kh8 22. Bxh6 Bg3+ 23. Kh1 Bxh3 24. Bxg7+ Nxg7 25. Qxf6 Qe3 26. Rd3 Qf4 27. Qxf4 exf4 28. Ne2 Be6 29. Bxe6 Nxe6 30. Nxg3 fxg3 31. Rxg3 Rd8 32. Rd3 Re8 33. Rf1 Kg7 34. Rg3+ Kh6 35. Rf6+ Kh5 36. Rf5+ Kh6 37. Kh2 Re7 38. Kh3 Ng7 39. Rf4 Nh5 40. Rh4 Rxe4 41. Rg8 Rxh4+ 42. Kxh4 Nf4 43. g4 Kh7 44. Rb8 Kg6 45.
Rxb7 Ng2+ 46. Kg3 Ne3 47. c3 Nf1+ 48. Kf4 Nd2 49. b4 axb4 50. Rxb4 Kf6 51. a5 1-0

[Event "Late-Titled-Tuesday-Blitz-May-14-2024"]
[Site "Chess.com"]
[Date "2024.05.14"]
[Round "8"]
[White "Polish_fighter3000"]
[Black "GMBenjaminBok"]
[Result "0-1"]
[WhiteElo "3105"]
[BlackElo "3065"]
[TimeControl "180+1"]
[EndTime "15:27:22 PDT"]
[Termination "GMBenjaminBok won on time"]

1. e4 e5 2. Nf3 Nc6 3. Bc4 Bc5 4. d3 Nf6 5. c3 d6 6. Bg5 h6 7. Bh4 a5 8. Nbd2 Ba7 9. a3 Qe7 10. b4 g5 11. Bg3 Nh5 12. b5 Nd8 13. Ba2 Nf4 14.
Bxf4 gxf4 15. O-O Rg8 16. Kh1 Qf6 17. d4 Bg4 18. Nc4 Rg5 19. h3 Bxf3 20. Qxf3 exd4 21. b6 Bxb6 22. Nxb6 cxb6 23. cxd4 Nc6 24. e5 dxe5 25.
dxe5 Rxe5 26. Rab1 b5 27. Rfe1 Rxe1+ 28. Rxe1+ Kf8 29.
Kh2 Re8 30. Rb1 Rd8 31. Bd5 Nd4 32. Qe4 f3 33. Rd1 Qd6+ 34. g3 Qxd5 35. Qh7 Qe5 36. Qxh6+ Kg8 37. h4 Rd6 38. Qc1 Nf5 39. Qg5+ Rg6 40.
Rd8+ Kg7 0-1

[Event "Late-Titled-Tuesday-Blitz-May-14-2024"]
[Site "Chess.com"]
[Date "2024.05.14"]
[Round "8"]
[White "Felix-Rose"]
[Black "Ali_rastbod"]
[Result "0-1"]
[WhiteElo "2326"]
[BlackElo "2723"]
[TimeControl "180+1"]
[EndTime "15:27:22 PDT"]
[Termination "Ali_rastbod won on time"]

1. e4 d6 2. d4 Nf6 3. Nc3 g6 4.
Nf3 Bg7 5. h3 O-O 6. Be3 c5 7.
dxc5 Qa5 8. Nd2 dxc5 9. Nb3 Qc7 10. Nxc5 Rd8 11. Bd3 b6 12. Nb3 Bb7 13. Qe2 a6 14.
O-O b5 15. a3 Nbd7 16. f4 e5 17. f5 Nh5 18. Qf2 Nf4 19. Rad1 Rac8 20. Kh2 Nf6 21. g3 Nxd3 22. cxd3 Qd6 23. g4 Nd7 24. g5 Rf8 25.
f6 Bh8 26. Qg3 Nb8 27. d4 Rxc3 28. bxc3 Bxe4 29. dxe5 Qxa3 30. Nc5 Bf5 31. e6 Bxe6 32. Nxe6 Qa2+ 33. Rf2 Qxe6 34. Re1 Nc6 35. Rd2 h6 36. Bc5 Qf5 37. Bxf8 hxg5 38. Be7 Bxf6 39. Rf2 Nxe7 40. Rxf5 Nxf5 41. Qb8+ Kg7 42. Re8 Bxc3 43. Rg8+ Kh7 44. Qf8 Nh6 0-1

[Event "Late-Titled-Tuesday-Blitz-May-14-2024"]
[Site "Chess.com"]
[Date "2024.05.14"]
[Round "8"]
[White "TheBigBadChessDad"]
[Black "marvinguevara"]
[Result "1-0"]
[WhiteElo "2283"]
[BlackElo "2186"]
[TimeControl "180+1"]
[EndTime "15:27:23 PDT"]
[Termination "TheBigBadChessDad won on time"]

1. e4 c5 2. Nf3 d6 3. c3 Nf6 4. h3 Nc6 5. Bd3 g6 6. O-O Bg7 7. Re1 O-O 8. Bc2 Bd7 9. d4 cxd4 10. cxd4 Nb4 11. Bb3 d5 12. e5 Ne8 13. a3 Nc6 14. Bxd5 Bf5 15. Ba2 Qc7 16. Nc3 Rd8 17. Nd5 Qb8 18.
Bg5 Rd7 19. Rc1 Be6 20. Nc3 Bxa2 21. Nxa2 Nc7 22. Nc3 Ne6 23. Be3 Nxe5 24. Nxe5 Bxe5 25. Qa4 Bh2+ 26. Kh1 Rfd8 27. d5 Ng7 28. Bxa7 Qf4 29. Qxf4 Bxf4 30. Rcd1 e6 31. dxe6 Nxe6 32. Rxd7 Rxd7 33. Be3 Bxe3 34. Rxe3 Rd2 35. Re2 Rd3 36. g3 Kg7 37. Kg2 Nd4 38. Re7 b5 39. Rd7 Rd2 40. Ne4 Rd1 41. Ng5 Kf6 42. h4 Rd2 43. Rxf7+ Ke5 44. b4 Nf5 45. Rb7 Nd4 46. Nf3+ Nxf3 47.
Kxf3 Rd3+ 48. Kg4 Rxa3 49. Rxb5+ 1-0

[Event "Late-Titled-Tuesday-Blitz-May-14-2024"]
[Site "Chess.com"]
[Date "2024.05.14"]
[Round "8"]
[White "urano56"]
[Black "Bykov_Egor"]
[Result "0-1"]
[WhiteElo "2433"]
[BlackElo "2610"]
[TimeControl "180+1"]
[EndTime "15:27:24 PDT"]
[Termination "Bykov_Egor won by resignation"]

1. e4 e5 2. Nf3 Nf6 3. Nxe5 d6 4. Nf3 Nxe4 5. d4 d5 6. Bd3 Bd6 7. O-O O-O 8. c4 c6 9. Nc3 Nxc3 10. bxc3 dxc4 11. Bxc4 Bg4 12. Rb1 Qc7 13. h3 Bh5 14.
Re1 Nd7 15. Bd3 Bg6 16. Bxg6 hxg6 17. Ng5 Rae8 18. Rxe8 Rxe8 19. Bd2 Nf6 20. Qb3 b5 21. a4 a6 22. Re1 Rxe1+ 23. Bxe1 Bh2+ 24. Kf1 Bf4 25. Nf3 Qe7 26. g3 Bd6 27. axb5 axb5 28. Qa2 Qb7 29.
Ng5 Nd5 30. Qe2 Be7 31. Nf3 Qd7 32. Ne5 Qxh3+ 33. Kg1 Qe6 34. Qa2 Kh7 35. Qa8 c5 36. Qb7 f6 37. Nf3 cxd4 38. cxd4 b4 39. Bd2 Qe4 40.
Nh2 g5 41. Qd7 b3 42. Qh3+ Kg6 43. g4 Kf7 44. Qh5+ Qg6 45. Qh3 b2 46. Qf3 b1=Q+ 47.
Kg2 Qge4 0-1

[Event "Late-Titled-Tuesday-Blitz-May-14-2024"]
[Site "Chess.com"]
[Date "2024.05.14"]
[Round "8"]
[White "FLamps8"]
[Black "MITerryble"]
[Result "0-1"]
[WhiteElo "2714"]
[BlackElo "3017"]
[TimeControl "180+1"]
[EndTime "15:27:25 PDT"]
[Termination "MITerryble won on time"]

1. d4 e6 2. Bf4 Nf6 3. e3 b6 4. Nf3 Bb7 5. h3 Bd6 6. Be5 O-O 7. Nbd2 Nc6 8. Bxd6 cxd6 9. c3 d5 10.
Bd3 Ne7 11. O-O d6 12. Qb1 Ng6 13. e4 dxe4 14. Nxe4 Nf4 15. Nxf6+ Qxf6 16. Bxh7+ Kh8 17. Be4 d5 18. Bd3 Nxh3+ 19. Kh2 Nf4 20. Rh1 g6 21. g3 Kg7 22. Kg1 Nh5 23. Ne5 Rh8 24. Kg2 Rh7 25. Qd1 Rah8 26. Qf3 Qe7 27. Rh4 Nf6 28. Rxh7+ Rxh7 29. Rh1 Rxh1 30. Kxh1 Ne4 31. Bxe4 dxe4 32. Qe3 f6 33. Nc4 Qd7 34. Nd2 Qa4 35. Kh2 Qxa2 36. Nxe4 Qb1 37. f3 Qxb2+ 38. Kh3 Qb1 39. Kh2 Qc2+ 40. Kh3 g5 41. Nf2 Bd5 42. g4 a5 43.
Kg3 Qh7 44. Ne4 a4 45. Nd2 Qh4+ 46. Kg2 Qxg4+ 47. Kf2 Qh4+ 48. Ke2 Qh2+ 49. Kd3 b5 0-1

[Event "Late-Titled-Tuesday-Blitz-May-14-2024"]
[Site "Chess.com"]
[Date "2024.05.14"]
[Round "8"]
[White "Mbneu"]
[Black "marik_spb"]
[Result "1-0"]
[WhiteElo "2278"]
[BlackElo "2495"]
[TimeControl "180+1"]
[EndTime "15:27:26 PDT"]
[Termination "Mbneu won by checkmate"]

1. d4 Nf6 2. c4 e6 3. Nc3 c5 4. d5 exd5 5. cxd5 d6 6. e4 g6 7. f4 Bg7 8. Nf3 O-O 9. Be2 Re8 10. e5 dxe5 11. fxe5 Ng4 12. e6 fxe6 13. Bg5 Qa5 14. O-O exd5 15. Nxd5 Nc6 16. h3 Nd4 17. Bc4 Be6 18.
hxg4 b5 19. b4 Nxf3+ 20. Qxf3 cxb4 21. Bb3 Kh8 22. Bf6 Rg8 23. Qe4 Qa6 24. Ne7 Bxb3 25. Nxg8 Bxg8 26. Bxg7+ Kxg7 27. Qe5+ Kh6 28. g5+ Kh5 29.
Rf3 Be6 30. Rf6 Re8 31. Re1 Qxa2 32. Rxe6 Rxe6 33. Qxe6 Qxe6 34. Rxe6 a5 35. Re5 b3 36.
Rxb5 a4 37. Rb4 Kxg5 38. Rxa4 Kf5 39. Rb4 b2 40. Rxb2 g5 41. Rf2+ Kg4 42. Ra2 h5 43.
Kf2 Kh4 44. Ra4+ g4 45. g3+ Kh3 46. Ra5 h4 47. Rh5 Kh2 48. Rxh4# 1-0

[Event "Late-Titled-Tuesday-Blitz-May-14-2024"]
[Site "Chess.com"]
[Date "2024.05.14"]
[Round "8"]
[White "jinxy2009"]
[Black "HajiyevKanan"]
[Result "0-1"]
[WhiteElo "2297"]
[BlackElo "2436"]
[TimeControl "180+1"]
[EndTime "15:27:26 PDT"]
[Termination "HajiyevKanan won by resignation"]

1. e4 c6 2. d4 d5 3. e5 a6 4. Nf3 Bg4 5. Be2 e6 6. O-O c5 7. c3 Nc6 8. Nbd2 cxd4 9. Nxd4 Bxe2 10. Qxe2 Qc7 11. N2f3 Bc5 12. Bf4 Nge7 13. h4 Ng6 14.
Bg3 h5 15. Rad1 Bxd4 16. cxd4 Qb6 17. b3 Qb5 18. Qd2 Qa5 19. Qxa5 Nxa5 20. Rc1 Nc6 21. Rc2 Kd7 22. a3 Na5 23. Nd2 Rac8 24. Rfc1 Rxc2 25. Rxc2 Rc8 26. Rxc8 Kxc8 27. Kf1 Ne7 28. Ke2 Nf5 29. Kd3 Nc6 30. Nf3 Na5 31. Kc3 Kd7 32. Bf4 b5 33.
g3 Nc6 34. b4 f6 35. Kd3 Ke7 36. Kc3 Na7 37. Ne1 Nc6 38. Nf3 Na7 39. Ne1 Nc8 40.
Nd3 Nb6 41. Nc5 Nc4 42. Nxa6 Nxa3 43. Nc5 Nb1+ 44. Kd3 Na3 45. Nb3 Nc4 46. Nd2 fxe5 47. Bxe5 Kd7 48. Nf3 Kc6 49. Ng5 Kd7 50. Bf4 Nb2+ 51.
Kc3 Nd1+ 52. Kd3 Nxf2+ 53. Kd2 Ne4+ 54. Nxe4 dxe4 55. Be5 Kc6 56. Ke2 Kd5 57. Kd2 g6 58. Bh8 Nxg3 59. Be5 Nf5 60. Ke2 Nxd4+ 61. Bxd4 Kxd4 0-1

[Event "Late-Titled-Tuesday-Blitz-May-14-2024"]
[Site "Chess.com"]
[Date "2024.05.14"]
[Round "8"]
[White "MuhittinBuker"]
[Black "Eloist"]
[Result "0-1"]
[WhiteElo "2230"]
[BlackElo "2434"]
[TimeControl "180+1"]
[EndTime "15:27:27 PDT"]
[Termination "Eloist won on time"]

1. d4 e6 2. c4 Nf6 3. Nc3 Bb4 4. e3 O-O 5. Bd3 c5 6. Nf3 Bxc3+ 7. bxc3 d6 8. O-O Nc6 9. Qc2 e5 10. e4 Bg4 11.
dxe5 dxe5 12. Be2 Qe7 13. Bg5 h6 14. Bh4 Rad8 15. Rfd1 g5 16. Bg3 Nh5 17. Rd5 Nf4 18. Rad1 Be6 19. Bf1 Bxd5 20. exd5 Nb8 21. Re1 f6 22.
Bxf4 gxf4 23. Nh4 Qh7 24. Bd3 Qg7 25. Bf5 Rfe8 26. Bg6 Kh8 27. Bxe8 Rxe8 28. Nf5 Qg6 29. Qe4 Nd7 30. d6 Nb6 31. Qd3 Nxc4 32. Qxc4 Qxf5 33.
Qf7 Qe6 34. Qg6 f5 35. d7 Qxg6 36. dxe8=Q+ Qxe8 37. Rd1 e4 38. Kf1 Kg7 39. Ke2 Kf6 40.
Rd6+ Ke5 41. Rxh6 Qb5+ 0-1

[Event "Late-Titled-Tuesday-Blitz-May-14-2024"]
[Site "Chess.com"]
[Date "2024.05.14"]
[Round "8"]
[White "gabduschew"]
[Black "PawnEatingZombie"]
[Result "0-1"]
[WhiteElo "2359"]
[BlackElo "2312"]
[TimeControl "180+1"]
[EndTime "15:27:29 PDT"]
[Termination "PawnEatingZombie won by resignation"]

1. e4 c5 2. Nf3 Nc6 3. d4 cxd4 4. Nxd4 e5 5. Nb5 d6 6. c4 Be6 7.
N1c3 a6 8. Na3 g6 9. Be2 Bg7 10. O-O Nf6 11. Kh1 O-O 12. f3 Nd4 13. Nd5 Nd7 14. Be3 Rc8 15. Rc1 f5 16. Bxd4 exd4 17. Bd3 b5 18. cxb5 Rxc1 19. Qxc1 Nc5 20. Qd2 Bxd5 21. exd5 axb5 22. Bxb5 Qb6 23. Bc6 Rb8 24. Nc4 Qa6 25. b3 Nxb3 26. axb3 Rxb3 27. Rc1 d3 28. Nxd6 Qa3 29. Qg5 h6 30. Qd8+ Kh7 31.
Rd1 d2 32. h4 Qc1 33. Rxc1 dxc1=Q+ 34. Kh2 Rb1 35. Qe7 Qh1+ 36. Kg3 Qe1+ 37. Kh3 Qxe7 38. Nc4 Qd8 39. d6 Rd1 40. d7 Rxd7 41. Bxd7 Qxd7 42.
g4 Qe7 43. Nd2 fxg4+ 44. fxg4 Qe3+ 0-1

[Event "Late-Titled-Tuesday-Blitz-May-14-2024"]
[Site "Chess.com"]
[Date "2024.05.14"]
[Round "8"]
[White "OIAM03"]
[Black "SoCalJuniorChess"]
[Result "1-0"]
[WhiteElo "1980"]
[BlackElo "2200"]
[TimeControl "180+1"]
[EndTime "15:27:29 PDT"]
[Termination "OIAM03 won on time"]

1. e4 d5 2. exd5 Qxd5 3. Nc3 Qd8 4. d4 Nf6 5. Nf3 Bg4 6. Be2 c6 7. Bf4 e6 8. h3 Bxf3 9. Bxf3 Nbd7 10. O-O Nb6 11. Ne4 Be7 12. c3 Nbd5 13. Be5 Nxe4 14.
Bxe4 Bf6 15. Bg3 O-O 16. Qh5 g6 17. Qf3 Bg7 18. a4 Qb6 19. b4 a5 20. b5 cxb5 21. Bxd5 exd5 22. Qxd5 b4 23. cxb4 axb4 24. a5 Qxd4 25.
Qxb7 Qa7 26. Qxa7 Rxa7 27. Ra4 b3 28. Bd6 Rc8 29. Rb1 b2 30. Bf4 Rc5 31. Rb4 Rcxa5 32. Rb8+ Bf8 33. Bh6 Ra8 34. R1xb2 f5 35. Bxf8 Kf7 36.
Bd6 Ke6 37. Bf4 Kd5 38. R8b5+ Ke4 39. Rxa5 Rxa5 40. g3 Kf3 41. Kh2 Ke4 42. Re2+ Kd5 43. Re5+ 1-0

[Event "Late-Titled-Tuesday-Blitz-May-14-2024"]
[Site "Chess.com"]
[Date "2024.05.14"]
[Round "8"]
[White "Crazy_girl99"]
[Black "yobdc"]
[Result "1-0"]
[WhiteElo "2639"]
[BlackElo "2504"]
[TimeControl "180+1"]
[EndTime "15:27:31 PDT"]
[Termination "Crazy_girl99 won by resignation"]

1. Nf3 Nf6 2. g3 g6 3. Bg2 Bg7 4. O-O O-O 5. d4 d6 6. c4 Nc6 7. Nc3 e5 8. d5 Nb8 9. e4 a5 10. a3 Nbd7 11. Re1 Nc5 12. Qc2 a4 13. Rb1 Bd7 14.
Be3 b6 15. h3 h6 16. Nd2 Nh5 17. Rbd1 f5 18. exf5 gxf5 19. Nf3 f4 20. Bxc5 bxc5 21. g4 Nf6 22. Ne4 Be8 23. Nfd2 Bg6 24. Qc3 h5 25.
Bf3 hxg4 26. hxg4 Rb8 27. Kg2 Nxe4 28. Nxe4 Rb3 29. Qd2 Qb8 30. Rb1 Qb6 31. Rh1 Rb8 32. Qd1 Qa7 33. g5 Rxf3 34. Qxf3 Rb3 35. Nc3 Qb8 36.
Rbe1 Qd8 37. Qg4 Rxb2 38. Ne4 Rb3 39. Nf6+ Kf8 40. Qe6 Bf7 41. Nd7+ Kg8 42. Qf5 Qe7 43. Nf6+ Kf8 44. Qc8+ Be8 45. Rh7 f3+ 46. Kg3 e4 47.
Rxe4 Bxf6 48. Rexe7 Bxe7 49. Rh8+ Kg7 50. Qxe8 1-0